 Dungeon Crawl Stone Soup version 0.25-a0-668-gea548f1 (webtiles) character file.

Game seed: 17064937345298374024, levelgen mode: deterministic

6966 Faca the Archer (level 10, -13/93 HPs)
             Began as a Centaur Hunter on Mar 28, 2020.
             Was a Believer of Okawaru.
             Mangled by a cyclops (23 damage)
             ... on level 8 of the Dungeon.
             The game lasted 00:20:16 (11168 turns).

Faca the Archer (Centaur Hunter)                   Turns: 11168, Time: 00:20:16

Health: -13/93     AC: 13    Str: 20    XL:     10   Next: 81%
Magic:  10/10      EV:  5    Int: 12    God:    Okawaru [**....]
Gold:   420        SH:  0    Dex:  9    Spells: 9/9 levels left

rFire    . . .     SeeInvis .   c - +12 whip of Expedience {flame, rC+ rN+ Dex-4}
rCold    + . .     Gourm    .   (no shield)
rNeg     + . .     Faith    .   B - +0 chain mail
rPois    +         Spirit   .   (no helmet)
rElec    .         Reflect  .   e - +1 cloak {rPois}
rCorr    .         Harm     .   s - +1 pair of gloves
MR       .....                  (no barding)
Stlth    ..........             (no amulet)
HPRegen  0.25/turn              k - +2 ring of dexterity
MPRegen  0.12/turn              h - +3 ring of strength

@: very quick
A: large, hooves 3, slimy green scales 1, clever 1, deformed body, speed 2,
tough skin 3
a: Heroism, Renounce Religion


You were on level 8 of the Dungeon.
You worshipped Okawaru.
Okawaru was pleased with you.
You were not hungry.

You visited 2 branches of the dungeon, and saw 9 of its levels.
You also visited: Ossuary.

You collected 437 gold pieces.
You spent 17 gold pieces at shops.

Inventory:

Hand Weapons
 b - a +0 spear
 c - the +12 whip of Expedience (weapon) {flame, rC+ rN+ Dex-4}
   (You found it on level 4 of the Dungeon)

   It has been specially enchanted to burn those struck by it, causing extra
   injury to most foes and up to half again as much damage against particularly
   susceptible opponents.
   It affects your dexterity (-4).
   It protects you from cold.
   It protects you from negative energy.
 z - a +2 vorpal shortbow
 C - a +0 glaive
Missiles
 d - 67 arrows
Armour
 e - a +1 cloak of poison resistance (worn)
 s - a +1 pair of gloves (worn)
 B - a +0 chain mail (worn)
Jewellery
 h - a +3 ring of strength (right hand)
 k - a +2 ring of dexterity (left hand)
Wands
 j - a wand of acid (8)
 q - a wand of disintegration (16)
 x - a wand of digging (5)
Scrolls
 n - 2 scrolls of enchant weapon
 o - 2 scrolls of enchant armour
 p - 4 scrolls of teleportation
 w - 2 scrolls of remove curse
 y - 2 scrolls of magic mapping
Potions
 a - a potion of mutation
 g - 3 potions of curing
 i - a potion of ambrosia
 l - a potion of lignification
 m - 4 potions of haste
 r - a potion of resistance
 t - 4 potions of flight
 u - 3 potions of cancellation
 v - 2 potions of might
Comestibles
 f - 10 rations
 D - 4 chunks of flesh


   Skills:
 + Level 10.0 Fighting
 + Level 8.5 Polearms
 + Level 13.2 Bows
 - Level 1.3 Dodging
 - Level 0.4 Stealth


You had 9 spell levels left.
You didn't know any spells.
Your spell library contained the following spells:

 Spells                   Type           Power        Failure   Level  Hunger
 Animate Skeleton         Necr           N/A          99%         1    ##.....
 Pain                     Necr           #...         99%         1    ##.....
 Sting                    Tmut/Pois      #...         99%         1    ##.....
 Poisonous Vapours        Pois/Air       #.....       99%         2    ###....
 Ignite Poison            Fire/Tmut/Pois #.......     100%        3    ####...
 Mephitic Cloud           Conj/Pois/Air  #.......     100%        3    ####...
 Vampiric Draining        Necr           #.........   100%        3    ####...
 Animate Dead             Necr           N/A          100%        4    #####..
 Olgreb's Toxic Radiance  Pois           #.......     100%        4    #####..
 Agony                    Necr           #.......     100%        5    ######.


Dungeon Overview and Level Annotations

Branches:
Dungeon (8/15)             Temple (1/1) D:4         Ossuary (visited)
   Lair: D:8-11

Altars:
Ashenzari
Dithmenos
Elyvilon
Fedhas
Gozag
Hepliaklqana
Kikubaaqudgha
Makhleb
Nemelex Xobeh
Okawaru
Qazlal
Ru
Trog
Vehumet
Wu Jian
Xom
Yredelemnul
Zin
The Shining One

Shops:
D:4 }*(?(


Innate Abilities, Weirdness & Mutations

You have hooves in place of feet.
Armour fits poorly on your strangely shaped body.
You cover ground very quickly.
You have extremely tough skin. (AC +3)
You are partially covered in slimy green scales. (AC +2)
Your mind is acute. (Int +2)


Message History

You hit the cyclops. You burn the cyclops. You kick the cyclops!
The cyclops is heavily wounded.
The cyclops hits you but does no damage.
You barely miss the cyclops. You kick the cyclops.
The cyclops is heavily wounded.
You hit the cyclops. You burn the cyclops.
The cyclops is heavily wounded.
The cyclops hits you!
* * * LOW HITPOINT WARNING * * *
You whack the cyclops! You burn the cyclops.
The cyclops is severely wounded.
The cyclops barely misses you.
You hit the cyclops but do no damage. You kick the cyclops, but do no damage.
The cyclops is severely wounded.
The cyclops hits you!
* * * LOW HITPOINT WARNING * * *
You hit the cyclops but do no damage. You kick the cyclops.
The cyclops is almost dead.
The cyclops hits you!!
You die...

h.#..##.....##..##...#......#
..#.##...#...##.######......#
....#...###...#......#......#
...##..## #..##.....#......#
..##.### ##.##....#......#
..#..# #..##...#......#
.##.###########.##...'......#
.#.#...........#C#...#......#
##.##.###.###.##@##..#......#
#8.8##.#[..#.##...#..#......#
#...##.##"##.##.#.##.#.....>#
8...8##.#}#.##.....#........#
..≈..##.###.####.####.......#
.._..8##.#.##.......#.......#
.≈.≈..##.#.###.....###......#
.....(8##.##.#.#.#.#.#......#
8.8.8..##.##...#.#...#......#


You could see a cyclops.

Vanquished Creatures
  2 two-headed ogres
  2 cyclopes (D:8)
  The ghost of bastard the Martial Artist, a novice OpTm of Cheibriados (D:7)
  A kobold demonologist (D:8)
  Grinder (D:6)
  2 hippogriffs (D:8)
  Sigmund (D:3)
  A soldier ant (D:8)
  A hungry ghost (D:8)
  2 orc warriors
  2 phantoms
  3 black bears (D:7)
  An ice beast (D:6)
  7 ogres
  A centaur (D:6)
  2 bullfrogs (D:8)
  4 scorpions
  3 killer bees (D:8)
  A wight (D:8)
  2 howler monkeys (D:8)
  A centaur zombie (Ossuary)
  2 crimson imps
  A hound (D:8)
  5 bullfrog zombies (Ossuary)
  Crazy Yiuf (D:7)
  An orc priest (D:6)
  A bullfrog skeleton (D:6)
  3 iguanas
  7 orc wizards
  6 worker ants
  5 hound zombies
  16 mummies
  2 worker ant zombies (Ossuary)
  4 gnolls
  10 adders
  2 oozes
  2 adder zombies
  2 adder skeletons
  4 worms
  4 dart slugs
  4 leopard geckos
  44 orcs
  7 giant cockroaches
  8 goblins
  10 hobgoblins
  2 quokkas
  4 bats
  2 frilled lizards
  2 jackal skeletons
  11 kobolds
  A leopard gecko zombie (Ossuary)
  3 quokka zombies (Ossuary)
  7 rats
224 creatures vanquished.

Vanquished Creatures (others)
  2 withered plants (Ossuary)
2 creatures vanquished.

Grand Total: 226 creatures vanquished

Notes
Turn   | Place    | Note
-------+----------+-------------------------------------------
     0 | D:1      | Faca the Centaur Hunter began the quest for the Orb.
     0 | D:1      | Reached XP level 1. HP: 17/17 MP: 1/1
    50 | D:1      | Reached XP level 2. HP: 12/25 MP: 2/2
   514 | D:1      | Reached skill level 6 in Bows
   785 | D:1      | Reached XP level 3. HP: 30/30 MP: 3/3
  1739 | D:2      | Reached XP level 4. HP: 37/38 MP: 4/4
  2282 | D:3      | Reached skill level 1 in Polearms
  2771 | D:3      | Found an opulent altar of Gozag.
  2878 | D:3      | Noticed Sigmund
  2900 | D:3      | Killed Sigmund
  2900 | D:3      | Reached skill level 7 in Bows
  2900 | D:3      | Reached XP level 5. HP: 20/47 MP: 5/5
  2900 | D:3      | Reached XP level 6. HP: 23/53 MP: 6/6
  3571 | D:4      | Found Wiaxzil's Weapon Boutique.
  3621 | D:4      | Reached skill level 5 in Fighting
  3621 | D:4      | Reached skill level 8 in Bows
  3621 | D:4      | Reached XP level 7. HP: 26/61 MP: 7/7
  3675 | D:4      | Noticed a two-headed ogre
  3828 | D:4      | Found a glowing silver altar of Zin.
  3835 | D:4      | Found a white marble altar of Elyvilon.
  3836 | D:4      | Found a burning altar of Makhleb.
  3840 | D:4      | Found an ancient bone altar of Kikubaaqudgha.
  3938 | D:4      | Killed a two-headed ogre
  3938 | D:4      | Reached skill level 9 in Bows
  3938 | D:4      | Reached XP level 8. HP: 70/70 MP: 8/8
  4007 | D:4      | Found a staircase to the Ecumenical Temple.
  4032 | Temple   | Entered the Ecumenical Temple
  4132 | D:4      | Found a burning altar of Makhleb.
  4140 | D:4      | Got a jewelled whip
  4141 | D:4      | Identified the +12 whip of Expedience {flame, rC+ rN+
                  | Dex-4} (You found it on level 4 of the Dungeon)
  4171 | D:4      | Found Zacetom's Gadget Emporium.
  4260 | D:4      | Found Penobur's Assorted Antiques.
  4280 | D:4      | Bought a scroll labeled ABLOAMN UGIADD for 17 gold pieces
  4331 | D:4      | Found Tueclado's Antique Weapon Shop.
  4345 | D:4      | Found Hujutose's Magic Scroll Shoppe.
  4390 | D:5      | Entered Level 5 of the Dungeon
  4557 | D:5      | Found a sand-covered staircase.
  4610 | Ossuary  | Entered an ossuary
  5005 | Ossuary  | Reached skill level 5 in Polearms
  5050 | Ossuary  | Reached skill level 10 in Bows
  5875 | D:6      | Reached XP level 9. HP: 78/79 MP: 9/9
  5963 | D:6      | Noticed Grinder
  6566 | D:6      | Paralysed by Grinder for 3 turns
  6577 | D:6      | Killed Grinder
  6577 | D:6      | Reached skill level 11 in Bows
  7416 | D:7      | Found an iron altar of Okawaru.
  7421 | D:7      | Became a worshipper of Warmaster Okawaru
  7453 | D:7      | Found a bloodstained altar of Trog.
  7514 | D:7      | Found a runed translucent door.
  7515 | D:7      | Noticed Crazy Yiuf
  8106 | D:7      | Found a runed translucent gate.
  8107 | D:7      | Found a runed translucent gate.
  8109 | D:7      | Found a runed translucent gate.
  8109 | D:7      | Noticed bastard's ghost (novice OpTm)
  8120 | D:7      | Killed bastard's ghost
  8199 | D:7      | Found an ornate altar of the Wu Jian Council.
  8219 | D:7      | Reached skill level 12 in Bows
  8219 | D:7      | Reached XP level 10. HP: 90/90 MP: 10/10
  8368 | D:7      | Killed Crazy Yiuf
  8763 | D:8      | Reached * piety under Okawaru
  8838 | D:8      | Noticed a cyclops
  8866 | D:8      | Found a bloodstained altar of Trog.
  9334 | D:8      | Noticed a cyclops
  9334 | D:8      | Noticed a cyclops
  9363 | D:8      | Gained mutation: You are partially covered in slimy green
                  | scales. (AC +2) [potion of mutation]
  9363 | D:8      | Gained mutation: Your mind is acute. (Int +2) [potion of
                  | mutation]
  9379 | D:8      | HP: 4/91 [killer bee (6)]
  9671 | D:8      | Killed a cyclops
  9866 | D:8      | Killed a cyclops
 10261 | D:8      | Reached ** piety under Okawaru
 10286 | D:8      | Noticed a two-headed ogre
 10946 | D:8      | Noticed a rust devil
 10947 | D:8      | Reached skill level 13 in Bows
 10958 | D:8      | Noticed a two-headed ogre
 10965 | D:8      | Killed a two-headed ogre
 10965 | D:8      | Reached skill level 10 in Fighting
 11067 | D:8      | Found a burning altar of Makhleb.
 11168 | D:8      | Mangled by a cyclops

Levels and vault maps discovered:
D:1:      scummos_arrival_hexagon, layout_loops_ring
D:2:      layout_loops_ring, minmay_misc_feat_secret_circle
D:3:      layout_rooms, lemuel_crystal_altar, grunt_ministairs_10, uniq_sigmund
D:4:      layout_gridville, minitemple, minmay_temple_entry_large_hall,
          first_ration, serial_shops, shop, shop, shop, shop,
          nicolae_shop_window_shopping, bloody_makhleb
D:5:      layout_rooms, gup_ossuary_entry_pyramid
D:6:      minmay_angry_zag, layout_basic, uniq_grinder
D:7:      layout_loops_ring, okawaru_gym_becter, kennysheep_mini_moat,
          trog_ov_bears_minmay, ebering_ghost_rock_garden,
          uniq_crazy_yiuf_cottage
D:8:      minmay_the_grid_triangle_9x9_recursive_2
          [minmay_the_grid_triangle_9x9_prize_top_heavy,
          minmay_the_grid_triangle_9x9_alien,
          minmay_the_grid_triangle_9x9_shrine,
          minmay_the_grid_triangle_9x9_sprig], layout_gridville, basic_altar
Temple:   chequers_temple_sunken

Skill      XL: |  1  2  3  4  5  6  7  8  9 10 |
---------------+-------------------------------+-----
Bows           | 6 7 8 9 10 12 13 | 13.2
Fighting       | 3 4 5 6 7 8 10 | 10.0
Polearms       | 2 3 4 5 7 8 |  8.5
Dodging        | |  1.3
Stealth        | |  0.4

Action                   |  1- 3 |  4- 6 |  7- 9 | 10-12 || total
-------------------------+-------+-------+-------+-------++-------
Melee: Short sword       |    63 |       |       |       ||    63
       Kick              |    23 |    25 |    58 |    32 ||   138
       Hand axe          |    50 |       |       |       ||    50
       Spear             |     4 |   144 |    20 |       ||   168
       Whip              |       |       |   269 |   137 ||   406
 Fire: Shortbow          |       |    14 |    14 |       ||    28
Invok: Heroism           |       |       |       |     1 ||     1
  Use: Scroll            |     3 |     6 |    10 |     7 ||    26
       Potion            |       |       |       |     5 ||     5
  Eat: Chunk             |     2 |     5 |     9 |     7 ||    23
       Ration            |       |       |     1 |     1 ||     2
Armor: Leather armour    |    15 |       |       |       ||    15
       Ring mail         |    36 |    43 |    72 |       ||   151
       Chain mail        |       |       |    33 |    82 ||   115
Dodge: Dodged            |    46 |    38 |   115 |    38 ||   237

Table legend:
 A = Non-vault XP
 B = Vault XP
 C = Vault XP percentage of total XP
 D = Non-vault monster count
 E = Vault monster count
 F = Vault count percentage of total count
                 A         B        C        D         E       F
            +---------+---------+-------+---------+---------+-------
      Total |    5067 |    4885 |  49.1 |     169 |      55 |  24.6
            +---------+---------+-------+---------+---------+-------
        D:1 |      46 |       0 |   0.0 |      26 |       0 |   0.0
        D:2 |     109 |       0 |   0.0 |      22 |       0 |   0.0
        D:3 |      99 |     229 |  69.8 |      19 |       3 |  13.6
        D:4 |    1235 |       0 |   0.0 |      13 |       0 |   0.0
        D:5 |     718 |      18 |   2.4 |      21 |       1 |   4.5
        D:6 |     635 |     564 |  47.0 |      35 |       4 |  10.3
        D:7 |     428 |     778 |  64.5 |      11 |       4 |  26.7
        D:8 |    1797 |    2533 |  58.5 |      22 |      11 |  33.3
    Ossuary |       0 |     763 | 100.0 |       0 |      32 | 100.0
            +---------+---------+-------+---------+---------+-------
